 Dungeon Crawl Stone Soup version 0.29.0-5-ge4962eb29e (webtiles) character file.

Game seed: 12743905053585896468

61 PimpSugar the Magician (level 3, -1/25 HPs)
             Began as a Demonspawn Hedge Wizard on Aug 29, 2022.
             Killed from afar by Natasha (8 damage)
             ... with a puff of flame
             ... on level 2 of the Dungeon.
             The game lasted 00:04:24 (1672 turns).

PimpSugar the Magician (Demonspawn Hedge Wizard)    Turns: 1672, Time: 00:04:24

Health: -1/25      AC:  6    Str: 10    XL:     3   Next: 83%
Magic:  3/7        EV: 11    Int: 17    God:
Gold:   179        SH:  0    Dex: 12    Spells: 5/8 levels left

rFire   . . .      SeeInvis .   a - +0 dagger
rCold   . . .      Faith    .   (no shield)
rNeg    . . .      Spirit   .   e - +0 leather armour
rPois   .          Reflect  .   c - +0 hat
rElec   .          Harm     .   g - +2 cloak
rCorr   .          Rampage  .   (no gloves)
Will    .....                   (no boots)
Stlth   ++........              (no amulet)
HPRegen 0.08/turn               (no ring)
MPRegen 0.10/turn               (no ring)

@: no status effects
A: claws 1
a: no special abilities


You were on level 2 of the Dungeon.
You visited 1 branch of the dungeon, and saw 2 of its levels.

You collected 179 gold pieces.

Inventory:

Hand Weapons
 a - a +0 dagger (weapon)
Missiles
 f - 35 stones
Armour
 b - a +0 robe
 c - a +0 hat (worn)
 e - a +0 leather armour (worn)
 g - a +2 cloak (worn)
Scrolls
 h - 4 scrolls of noise
 i - a scroll of teleportation
Potions
 d - 2 potions of magic


   Skills:
 + Level 0.8 Fighting
 + Level 2.0 Dodging
 + Level 2.1 Stealth
 * Level 3.4 Spellcasting
 * Level 1.9 Conjurations
 + Level 1.4 Summonings
 + Level 1.3 Translocations


You had 5 spell levels left.
You knew the following spells:

 Your Spells              Type           Power      Damage    Failure   Level
a - Magic Dart            Conj           36%        1d4       11%         1
b - Call Imp              Summ           7%         N/A       19%         2

Your spell library contained the following spells:

 Spells                   Type           Power      Damage    Failure   Level
 Blink                    Tloc           14%        N/A       21%         2
 Slow                     Hex            8%         N/A       22%         1
 Conjure Flame            Conj/Fire      6%         6-21      43%         3
 Mephitic Cloud           Conj/Pois/Air  5%         N/A       45%         3


Dungeon Overview and Level Annotations

Branches:
Dungeon (2/15)

Altars:

Annotations:
D:2 Natasha


Innate Abilities, Weirdness & Mutations

You have sharp fingernails.


Message History

Natasha barely misses your crimson imp.
Your crimson imp hits Natasha.
Natasha closely misses your crimson imp.
Your crimson imp blinks!
Casting: Magic Dart (safe; 11% risk of failure)
Confirm with . or Enter, or press ? or * to list all spells.
Aiming: Magic Dart (safe; 11% risk of failure)
Press: ? - help, Shift-Dir - straight line, f/p - Natasha
Aim: Natasha, carrying a wand of flame (16) (lightly wounded, ally target, 100% to hit)
The magic dart hits Natasha but does no damage.
Natasha is lightly wounded.
Natasha closely misses you.
A kobold comes into view. It is wielding a +0 short sword.
You hit Natasha.
Natasha is moderately wounded.
Natasha growls.
Natasha zaps a wand.
The puff of flame hits you. The kobold hits you but does no damage.
The kobold throws a stone.
The stone closely misses your crimson imp.
The stone barely misses Natasha.
The stone misses you.
You hit Natasha.
Natasha is heavily wounded.
Natasha casts a spell at you. The magic dart hits you!
The kobold hits you but does no damage.
As you read the scroll labelled OHYAWN QEGA, it crumbles to dust.
It is a scroll of enchant armour.
Your +1 cloak glows green for a moment.
Natasha mumbles some strange words.
Your crimson imp blinks!
The kobold hits you but does no damage.
Natasha howls an incantation.
You feel disoriented. Natasha barely misses you.
Your crimson imp blinks!
The crimson imp blinks!
Natasha attacks as you move away! Natasha claws you but does no damage.
The crimson imp blinks!
Natasha zaps a wand.
The puff of flame hits you.
* * * LOW HITPOINT WARNING * * *
Natasha zaps a wand.
The puff of flame hits you!
You die...

### .....
#.... #.##. .#
.. #.##. .#
#.#
#.##.###.#...K
#@# .....#..#.
#.###....?....
#.#.$.....#.#.
#.hK.K........
###........#.#
###.........
#....#.#..
##.#...... ...
###
#.#..#.#.#...


You could see Natasha.

Vanquished Creatures
  A dart slug (D:2)
  2 bats (D:1)
  An endoplasm (D:1)
  A giant cockroach (D:1)
  4 hobgoblins (D:1)
  3 jackals (D:1)
  2 kobolds
  3 ball pythons
  2 frilled lizards (D:1)
  3 goblins (D:1)
  9 rats
31 creatures vanquished.

Vanquished Creatures (collateral kills)
  Natasha (D:2)
  An endoplasm (D:1)
  A hobgoblin (D:1)
  A jackal (D:1)
4 creatures vanquished.

Grand Total: 35 creatures vanquished

Notes
Turn   | Place    | Note
-------+----------+-------------------------------------------
     0 | D:1      | PimpSugar the Demonspawn Hedge Wizard began the quest for
                  | the Orb.
     0 | D:1      | Reached XP level 1. HP: 13/13 MP: 4/4
    61 | D:1      | Reached skill level 1 in Translocations
   532 | D:1      | Gained mutation: You have sharp fingernails. [demonic
                  | ancestry]
   532 | D:1      | Reached XP level 2. HP: 19/19 MP: 4/6
   630 | D:1      | Learned a level 2 spell: Call Imp
  1118 | D:1      | Reached XP level 3. HP: 23/25 MP: 5/7
  1394 | D:2      | Noticed Natasha
  1404 | D:2      | Killed Natasha
  1605 | D:2      | Noticed Natasha
  1672 | D:2      | Killed from afar by Natasha

Illustrated notes

Levels and vault maps discovered:
D:1:      dpeg_arrival_morbid_curiosity, layout_rooms
D:2:      layout_loops_ring, hangedman_decor_points, minmay_rat_gold_closets,
          uniq_jessica, uniq_natasha

Skill      XL: |  1  2  3 |
---------------+----------+-----
Translocations | 1 |  1.3
Stealth        | 2 |  2.1
Dodging        | 2 |  2.0
Fighting       | |  0.8
Spellcasting   | |  3.4
Conjurations   | |  1.9
Summonings     | |  1.4

Action                   || total
-------------------------++-------
Melee: Dagger            ||    60
 Cast: Magic Dart        ||    45
       Call Imp          ||     3
  Use: Scroll            ||     4
 Stab: Sleeping          ||     1
Armor: Leather armour    ||    28
Dodge: Dodged            ||    49
